 Dungeon Crawl Stone Soup version 0.30-a0-439-g9e77e4d916 (webtiles) character file.

Game seed: 11420960487704853551

7 MackTheKnife the Magician (level 2, 0/22 HPs)
             Began as a Naga Hedge Wizard on Dec 10, 2022.
             Slain by a jackal (2 damage)
             ... on level 1 of the Dungeon.
             The game lasted 00:00:46 (275 turns).

MackTheKnife the Magician (Naga Hedge Wizard)        Turns: 275, Time: 00:00:47

Health: 0/22       AC:  1    Str: 12    XL:     2   Next: 4%
Magic:  0/6        EV:  9    Int: 14    God:
Gold:   22         SH:  0    Dex: 10    Spells: 6/7 levels left

rFire   . . .      SeeInvis +    a - +0 dagger {short}
rCold   . . .      Faith    .    (no shield)
rNeg    . . .      Spirit   .    b - +0 robe
rPois   +          Reflect  .    c - +0 hat
rElec   .          Harm     .    (no cloak)
rCorr   .          Rampage  .    (no gloves)
Will    .....                    (no barding)
Stlth   ++........               (no amulet)
HPRegen 0.23/turn                (no ring)
MPRegen 0.10/turn                (no ring)

@: short of breath, very slow
A: AC +0, large, see invisible, deformed body, poison resistance, slowness 2,
spit poison 1, naga tail 1
a: Spit Poison


You were on level 1 of the Dungeon.
You visited 1 branch of the dungeon, and saw 1 of its levels.

You collected 22 gold pieces.


Innate Abilities, Weirdness & Mutations

Your serpentine skin is tough. (AC +0)
You have supernaturally acute eyesight. (SInv)
Armour fits poorly on your strangely shaped body.
Your system is resistant to poisons. (rPois)
You cover ground very slowly.
You can spit poison.
You have a snake-like lower body.


   Skills:
 - Level 1.5 Dodging
 - Level 3.0 Stealth
 + Level 3.1 Spellcasting
 + Level 1.3 Conjurations
 + Level 1.4 Summonings
 - Level 1.0 Translocations


You had 6 spell levels left.
You knew the following spells:

 Your Spells              Type           Power      Damage    Failure   Level
z - Magic Dart            Conj           24%        1d4       12%         1

Your spell library contained the following spells:

 Spells                   Type           Power      Damage    Failure   Level
 Call Imp                 Summ           6%         N/A       19%         2
 Slow                     Hex            8%         N/A       22%         1
 Blink                    Tloc           10%        N/A       22%         2
 Cigotuvi's Dreadful Rot  Necr/Pois/Air  4%         N/A       32%         2
 Mephitic Cloud           Conj/Pois/Air  3%         N/A       47%         3

Inventory:

Hand Weapons
 a - a +0 dagger (weapon) {short}
Missiles
 h - 5 stones {throwing}
Armour
 b - a +0 robe (worn)
 c - a +0 hat (worn)
 e - a +0 leather armour
   (You found it on level 1 of the Dungeon)
 f - a +0 robe
   (You found it on level 1 of the Dungeon)
Scrolls
 g - a scroll of blinking {unknown}
 i - a scroll of noise {unknown}
 k - a scroll of teleportation {unknown}
 m - a scroll of butterflies {unknown}
Potions
 d - a potion of magic
 j - a potion of heal wounds {unknown}
 l - a potion of resistance {unknown}

Dungeon Overview and Level Annotations

Branches:
Dungeon (1/15) Zot: 5667

Altars:

#####################
....hrh@............#
.....#####..........#
$.. #..........# .
#..........#
#....†.....#
#######'#######
.........# ####...>.#
#.....#


You could see a quokka and 2 jackals.


Message History

Your hp is fully restored (15).
You lost 1 mp, and now have 3/4 mp.
You can't see any susceptible monsters within range! (Use Z to cast anyway.)
You can't see any susceptible monsters within range! (Use Z to cast anyway.)
k - a scroll labelled FEESSI WIGOU You see here a frilled lizard corpse. 😎 MP[+1]
Your mp is fully restored (4).
l - a pink potion
m - a scroll labelled UDEEMU FEYMUT A jackal comes into view.
The magic dart hits the jackal but does no damage.
The jackal barks!
A jackal comes into view.
A quokka comes into view. 😎 MP[-1]
You lost 1 mp, and now have 3/4 mp.
The magic dart hits the quokka but does no damage.
The jackal barks!
A jackal comes into view. 😎 MP[-1]
You lost 1 mp, and now have 2/4 mp.
You miscast Magic Dart.
You are very lightly contaminated with residual magic.
Nothing appears to happen. 😎 MP[-1]
You lost 1 mp, and now have 1/4 mp.
Aiming: Spit Poison (3% risk of failure)
Press: ? - help, Shift-Dir - straight line, f - jackal, p - jackal
Aim: a jackal (43% to hit)
The splash of poison hits the jackal.
The jackal is poisoned.
The magic dart hits the jackal.
The jackal barely misses you. 😎 MP[-1]
You lost 1 mp, and now have 0/4 mp.
You barely miss the jackal.
You have got your breath back.
You kill the jackal!
You barely miss the jackal. The jackal closely misses you.
You hit the jackal. The jackal barely misses you.
You barely miss the jackal. The jackal bites you.
Your magical contamination has completely faded away. 😕 HP[-1]
You take 1 damage, and now have 14/15 hp.
You hit the jackal but do no damage. The jackal bites you.
The jackal barely misses you. 😕 HP[-2]
You take 2 damage, and now have 12/15 hp.
You hit the jackal. The jackal barely misses you.
The quokka twitches its whiskers. 😕 HP[+1]
You hit the jackal but do no damage. The jackal bites you. 😮 HP[-2] MP[+1]
You take 2 damage, and now have 11/15 hp.
You closely miss the jackal. The jackal bites you. x2 😮 HP[-3]
You take 3 damage, and now have 8/15 hp.
You hit the jackal. The jackal bites you.
* * * LOW HITPOINT WARNING * * *
😨 HP[-2]
You take 2 damage, and now have 6/15 hp.
You closely miss the jackal. The jackal completely misses you.
The jackal closely misses you.
You barely miss the jackal. The jackal barely misses you.
A jackal comes into view. 😨 HP[+1] Unknown command.
You are too injured to fight recklessly!
You are too injured to fight recklessly!
Casting: Magic Dart (safe; 13% risk of failure)
Confirm with . or Enter, or press ? or * to list all spells.
Aiming: Magic Dart (safe; 13% risk of failure)
Press: ? - help, Shift-Dir - straight line, f - jackal
Aim: a jackal (almost dead, 100% to hit)
The magic dart hits the jackal.
You kill the jackal!
The jackal barks!
The jackal bites you.
* * * LOW HITPOINT WARNING * * *
You have reached level 2! 😨 HP[-1] MP[-1]
You now have 22 max hp (+7).
Unknown command.
Casting: Magic Dart (safe; 12% risk of failure)
Confirm with . or Enter, or press ? or * to list all spells.
Okay, then.
Unknown command.
Aiming: Spit Poison (2% risk of failure)
Press: ? - help, Shift-Dir - straight line, f - jackal
Aim: a jackal (50% to hit)
The splash of poison misses the jackal.
The splash of poison misses the quokka.
The jackal bites you.
* * * LOW HITPOINT WARNING * * *
😱 HP[-2]
You take 2 damage, and now have 4/22 hp.
You hit the jackal but do no damage. The jackal bites you.
* * * LOW HITPOINT WARNING * * *
😱 HP[-2]
You take 2 damage, and now have 2/22 hp.
You hit the jackal. The jackal bites you.
* * * LOW HITPOINT WARNING * * *
The jackal bites you.
You die...

Action                   || total
-------------------------++-------
Melee: Dagger            ||    13
 Cast: Magic Dart        ||    12
 Abil: Spit Poison       ||     3
Dodge: Dodged            ||     8

Levels and vault maps discovered:
D:1:      minmay_arrival_three_doors, layout_basic,
          shapermc_ecumenical_altar_mp_vishouse, minmay_pentomino_w2

Notes
Turn   | Place    | Note
-------+----------+-------------------------------------------
     0 | D:1      | MackTheKnife the Naga Hedge Wizard began the quest for the
                  | Orb.
     0 | D:1      | Reached XP level 1. HP: 15/15 MP: 4/4
     0 | D:1      | magus.rc [v1.9.6]
    38 | D:1      | magus.rc [v1.9.6]
   273 | D:1      | Reached XP level 2. HP: 6/22 MP: 0/6
   273 | D:1      | HP: 4/22 [jackal (2)]
   275 | D:1      | Slain by a jackal

Vanquished Creatures
  A ball python (D:1)
  A hobgoblin (D:1)
  2 jackals (D:1)
  A quokka (D:1)
  A frilled lizard (D:1)
6 creatures vanquished.

Table legend:
 A = Non-vault XP
 B = Vault XP
 C = Vault XP percentage of total XP
 D = Non-vault monster count
 E = Vault monster count
 F = Vault count percentage of total count
                 A         B        C        D         E       F
            +---------+---------+-------+---------+---------+-------
      Total |      11 |       0 |   0.0 |       6 |       0 |   0.0
            +---------+---------+-------+---------+---------+-------
        D:1 |      11 |       0 |   0.0 |       6 |       0 |   0.0
            +---------+---------+-------+---------+---------+-------

Illustrated notes

Table legend:
 A = Kills in this place as a percentage of kills in entire the game.
 B = Kills by you in this place as a percentage of kills by you in the entire game.
 C = Kills by friends in this place as a percentage of kills by friends in the entire game.
 D = Other kills in this place as a percentage of other kills in the entire game.
 E = Experience gained in this place as a percentage of experience gained in the entire game.
 F = Experience gained in this place divided by the number of levels of this place that you have seen.
                   A       B       C       D       E      F
               +-------+-------+-------+-------+-------+----------------------
         Total | 100.0 | 100.0 |   N/A |   N/A | 100.0 |  11.0
       Dungeon | 100.0 | 100.0 |   N/A |   N/A | 100.0 |  11.0
               +-------+-------+-------+-------+-------+----------------------

Table legend: (Time is in decaauts)
 A = Elapsed time spent in this place.
 B = Non-inter-level travel time spent in this place.
 C = Inter-level travel time spent in this place.
 D = Time resting spent in this place.
 E = Time spent auto-exploring this place.
 F = Levels seen in this place.
 G = Mean time per level.
                   A        B        C        D        E       F      G
               +--------+--------+--------+--------+--------+-----+--------+
         Total |    331 |    331 |      0 |      0 |    283 |   1 |  331.0 |
       Dungeon |    331 |    331 |      0 |      0 |    283 |   1 |  331.0 |
               +--------+--------+--------+--------+--------+-----+--------+

Top non-repeatable levels by time:
     D:1: 331 daAuts
